 Dungeon Crawl Stone Soup version 0.25.0-3-gd7cc5688da (webtiles) character file.

Game seed: 11386151562394530836

5040 Lanoc the Nimble (level 10, -4/82 HPs)
             Began as a Gnoll Monk on June 15, 2020.
             Was an Elder of the Shining One.
             Splashed by Erica's acid (11 damage)
             ... on level 9 of the Dungeon.
             The game lasted 00:16:43 (7704 turns).

Lanoc the Nimble (Gnoll Monk)                       Turns: 7704, Time: 00:16:44

Health: -4/82      AC: 18    Str: 14    XL:     10   Next: 55%
Magic:  15/16      EV: 17    Int: 18    God:    the Shining One [****..]
Gold:   1054       SH:  0    Dex: 21    Spells: 19/19 levels left

rFire    . . .     SeeInvis .   a - +1 falchion
rCold    . . .     Gourm    .   (no shield)
rNeg     + + +     Faith    .   x - +2 ring mail {rN+}
rPois    .         Spirit   .   p - +1 helmet
rElec    .         Reflect  .   y - +0 cloak
rCorr    .         Harm     .   (no gloves)
MR       .....                  n - +2 pair of boots
Stlth    +.........             (no amulet)
HPRegen  0.23/turn              w - +4 ring of protection
MPRegen  0.15/turn              u - +6 ring of intelligence

@: confused, lethally poisoned (-4 -> -7), divine shield, berserk cooldown,
slowed, glowing, very slow
A: distributed training, fangs 1, blink, low mp 1, strong nose
a: Blink, Divine Shield, Cleansing Flame, Renounce Religion


You were on level 9 of the Dungeon.
You worshipped the Shining One.
The Shining One was greatly pleased with you.
You were hungry.

You visited 1 branch of the dungeon, and saw 7 of its levels.
You also visited: Sewer and Ossuary.

You collected 1054 gold pieces.

Inventory:

Hand Weapons
 a - a +1 falchion (weapon)
 b - a +0 arbalest
Missiles
 v - 13 bolts
Armour
 n - a +2 pair of boots (worn)
 p - a +1 helmet (worn)
 x - a +2 ring mail of positive energy (worn)
 y - a +0 cloak (worn)
Jewellery
 u - a +6 ring of intelligence (right hand)
 w - a +4 ring of protection (left hand)
Wands
 h - a wand of acid (13)
 q - a wand of disintegration (13)
 s - a wand of clouds (10)
 t - a wand of flame (19)
Scrolls
 d - 2 scrolls of magic mapping {unknown}
 e - 2 scrolls of fog
 f - 2 scrolls of enchant weapon
 g - 4 scrolls of teleportation
 l - 2 scrolls of remove curse {unknown}
 m - 3 scrolls of enchant armour
 o - 6 scrolls of identify
Potions
 k - 3 potions of heal wounds
 r - a potion of resistance
Comestibles
 c - 10 rations


   Skills:
 + Level 8.5 Fighting
 + Level 5.3 Short Blades
 + Level 8.5 Long Blades
 + Level 5.3 Axes
 + Level 5.3 Maces & Flails
 + Level 5.3 Polearms
 + Level 5.3 Staves
 + Level 5.3 Slings
 + Level 5.3 Bows
 + Level 5.3 Crossbows
 + Level 5.3 Throwing
 + Level 5.3 Armour
 + Level 8.5 Dodging
 + Level 6.8 Stealth
 + Level 5.3 Shields
 + Level 5.3 Unarmed Combat
 + Level 5.3 Spellcasting
 + Level 4.3 Conjurations
 + Level 4.3 Hexes
 + Level 4.3 Charms
 + Level 4.3 Summonings
 + Level 4.3 Necromancy
 + Level 4.3 Translocations
 + Level 4.3 Transmutations
 + Level 4.3 Fire Magic
 + Level 4.3 Ice Magic
 + Level 4.3 Air Magic
 + Level 4.3 Earth Magic
 + Level 4.3 Poison Magic
 + Level 5.8 Invocations
 + Level 5.3 Evocations


You had 19 spell levels left.
You didn't know any spells.
Your spell library contained the following spells:

 Spells                   Type           Power        Failure   Level  Hunger
 Animate Skeleton         Necr           N/A          4%          1    None
 Pain                     Necr           ###.         4%          1    None
 Shock                    Conj/Air       ###.         4%          1    None
 Swiftness                Chrm/Air       ###.....     6%          2    #......
 Static Discharge         Conj/Air       ###.....     12%         3    ##.....
 Vampiric Draining        Necr           ###.......   12%         3    ##.....
 Airstrike                Air            ###.......   38%         4    ####...
 Animate Dead             Necr           N/A          38%         4    ####...
 Leda's Liquefaction      Hex/Erth       ###.......   38%         4    ####...
 Agony                    Necr           ###.....     75%         5    ######.
 Bolt of Magma            Conj/Fire/Erth ###.......   75%         5    ######.
 Lightning Bolt           Conj/Air       ###.......   75%         5    ######.
 Iron Shot                Conj/Erth      ###.......   99%         6    #######
 Statue Form              Tmut/Erth      ###......    99%         6    #######
 Shatter                  Erth           ###.......   100%        9    #######


Dungeon Overview and Level Annotations

Branches:
Dungeon (9/15)               Lair (0/6) D:9           Sewer (visited)
Ossuary (visited)
 Temple: D:4-7          Orc: D:9-12

Altars:
Ru
The Shining One

Shops:
D:5 }

Annotations:
D:9 Erica


Innate Abilities, Weirdness & Mutations

Your experience applies equally to all skills.
You have very sharp teeth.
Your uncanny sense of smell can sniff out nearby items.
You can translocate small distances at will.
Your magical capacity is low. (-10% MP)


Message History

You feel sick.
Erica hits you with a +0 scimitar of flaming.
* * * LOW HITPOINT WARNING * * *
Erica burns you.
* * * LOW HITPOINT WARNING * * *
You feel sick.
You feel a strong urge to attack something.
Erica gestures at you while chanting. The lance of force hits you!
* * * LOW HITPOINT WARNING * * *
You are knocked back by the lance of force.
You slam into the stone wall!
You bump into the stone wall.
You are no longer berserk.
You are exhausted.
You feel as though you will be slow longer.
You feel sick.
Erica zaps a wand.
The bolt of acid hits you! The Shining One protects you from harm!
You are splashed with acid!
You die...

#...##
#......##..#
#...#
#..........#
#.Z## ....8.....
....# .......##
....# #......##
....# ##.@#....#
.....# ##....# ..
.....# #..#..##
... #...##
#@.##..## [...
#..## ∆
#...#...###....#
..#
#....#...#.....##
..# ###........#
...# ..
##.......##...#
... ##...........
..# ##..........
..# ##....####
..# ##...##


You could see Erica (invisible).

Vanquished Creatures
  A two-headed ogre (D:8)
  Maurice (D:9)
  Grinder (D:5)
  A polar bear (D:9)
  A wyvern (D:8)
  2 basilisks (D:9)
  4 yaks
  4 porcupines (D:9)
  3 ice beasts (D:9)
  3 sky beasts
  2 crocodiles (D:9)
  2 bullfrogs
  A wyvern zombie (D:8)
  3 water moccasin zombies (Ossuary)
  An electric eel (D:9)
  2 crimson imps
  A bullfrog zombie (D:9)
  2 jellies (D:5)
  A bullfrog skeleton (D:5)
  2 orc priests
  4 hounds
  4 orc wizards
  An iguana (D:8)
  Natasha (thrice) (D:4)
  6 worker ants
  2 big kobold zombies (Ossuary)
  A centaur simulacrum (D:9)
  A hound skeleton (D:9)
  2 mummies (Ossuary)
  A worker ant zombie (D:5)
  Robin (D:3)
  4 gnolls (D:3)
  7 adders
  A shadow imp (D:5)
  2 oozes
  4 adder zombies
  4 worms
  An adder simulacrum (D:9)
  3 leopard geckos
  13 orcs
  11 giant cockroaches
  15 goblins
  5 hobgoblins
  3 jackals (D:5)
  3 quokkas
  4 ball pythons
  8 bats
  8 frilled lizards
  A gnoll zombie (Ossuary)
  8 hobgoblin zombies (Ossuary)
  7 kobolds
  7 kobold zombies (Ossuary)
  A leopard gecko zombie (D:9)
  8 orc zombies (Ossuary)
  A quokka simulacrum (D:9)
  2 rats (D:3)
195 creatures vanquished.

Vanquished Creatures (others)
  Maggie (D:8)
  A black bear (D:8)
  A bush (D:9)
  A fungus (D:9)
  3 plants (D:9)
7 creatures vanquished.

Grand Total: 202 creatures vanquished

Notes
Turn   | Place    | Note
-------+----------+-------------------------------------------
     0 | D:1      | Lanoc the Gnoll Monk began the quest for the Orb.
     0 | D:1      | Reached XP level 1. HP: 23/23 MP: 1/1
   362 | D:2      | Reached XP level 2. HP: 29/29 MP: 2/2
   678 | D:2      | Reached XP level 3. HP: 33/35 MP: 3/3
   904 | D:3      | Reached skill level 1 in Invocations
   975 | D:3      | Reached skill level 1 in Short Blades
   975 | D:3      | Reached skill level 1 in Axes
   975 | D:3      | Reached skill level 1 in Maces & Flails
   975 | D:3      | Reached skill level 1 in Polearms
   975 | D:3      | Reached skill level 1 in Staves
   975 | D:3      | Reached skill level 1 in Slings
   975 | D:3      | Reached skill level 1 in Bows
   975 | D:3      | Reached skill level 1 in Crossbows
   975 | D:3      | Reached skill level 1 in Throwing
   975 | D:3      | Reached skill level 1 in Armour
   975 | D:3      | Reached skill level 1 in Shields
   975 | D:3      | Reached skill level 1 in Unarmed Combat
   975 | D:3      | Reached skill level 1 in Spellcasting
   975 | D:3      | Reached skill level 1 in Evocations
   977 | D:3      | Reached XP level 4. HP: 13/41 MP: 5/5
   989 | D:3      | HP: 2/41 [gnoll/+0 spear (2)]
   990 | D:3      | Reached skill level 1 in Conjurations
   990 | D:3      | Reached skill level 1 in Hexes
   990 | D:3      | Reached skill level 1 in Charms
   990 | D:3      | Reached skill level 1 in Summonings
   990 | D:3      | Reached skill level 1 in Necromancy
   990 | D:3      | Reached skill level 1 in Translocations
   990 | D:3      | Reached skill level 1 in Transmutations
   990 | D:3      | Reached skill level 1 in Fire Magic
   990 | D:3      | Reached skill level 1 in Ice Magic
   990 | D:3      | Reached skill level 1 in Air Magic
   990 | D:3      | Reached skill level 1 in Earth Magic
   990 | D:3      | Reached skill level 1 in Poison Magic
  1250 | D:3      | Reached XP level 5. HP: 26/47 MP: 6/6
  1260 | D:3      | Found a glowing drain.
  1292 | Sewer    | Entered a sewer
  1783 | D:3      | Reached XP level 6. HP: 53/53 MP: 8/8
  1813 | D:3      | Found a sacrificial altar of Ru.
  2023 | D:3      | Noticed Robin
  2066 | D:3      | Killed Robin
  2561 | D:4      | Noticed Natasha
  2573 | D:4      | Killed Natasha
  2601 | D:4      | Noticed a sky beast
  2629 | D:4      | Killed a sky beast
  2629 | D:4      | Reached XP level 7. HP: 36/59 MP: 10/10
  2729 | D:4      | Noticed Natasha
  2739 | D:4      | Killed Natasha
  3044 | D:4      | Noticed Natasha
  3055 | D:4      | Killed Natasha
  3153 | D:5      | Entered Level 5 of the Dungeon
  3457 | D:5      | Noticed Grinder
  3478 | D:5      | Killed Grinder
  3478 | D:5      | Reached skill level 5 in Stealth
  3478 | D:5      | Reached XP level 8. HP: 49/67 MP: 10/12
  4082 | D:5      | Found Beywyturr's Gadget Shop.
  4635 | D:5      | You fall into a shaft and drop 3 floors!
  4635 | D:8      | Found a glowing golden altar of the Shining One.
  4639 | D:8      | Became a worshipper of the Shining One
  4639 | D:8      | Reached * piety under the Shining One
  4639 | D:8      | Reached ** piety under the Shining One
  4684 | D:8      | Identified a scroll of acquirement
  4687 | D:8      | Noticed Maggie
  4713 | D:8      | Killed Maggie
  4760 | D:8      | Noticed a two-headed ogre
  4769 | D:8      | Noticed a wyvern
  4775 | D:8      | Gained mutation: You are agile. (Dex +2) [potion of
                  | mutation]
  4775 | D:8      | Gained mutation: Your magical capacity is low. (-10% MP)
                  | [potion of mutation]
  4775 | D:8      | Gained mutation: You have sharp toenails. [potion of
                  | mutation]
  4800 | D:8      | Lost mutation: You are agile. (Dex +2) [potion of mutation]
  4800 | D:8      | Gained mutation: Potions are less effective at restoring
                  | your health. [potion of mutation]
  4800 | D:8      | Gained mutation: You are partially covered in yellow
                  | scales. (AC +2) [potion of mutation]
  4800 | D:8      | Gained mutation: You are covered in fur. (AC +1) [potion of
                  | mutation]
  4846 | D:8      | Found a sand-covered staircase.
  4862 | Ossuary  | Entered an ossuary
  5131 | Ossuary  | Reached *** piety under the Shining One
  5155 | Ossuary  | Reached XP level 9. HP: 69/72 MP: 13/13
  5222 | Ossuary  | Reached **** piety under the Shining One
  5253 | Ossuary  | Lost mutation: You are partially covered in yellow scales.
                  | (AC +2) [potion of mutation]
  5253 | Ossuary  | Lost mutation: Potions are less effective at restoring your
                  | health. [potion of mutation]
  5253 | Ossuary  | Lost mutation: You have sharp toenails. [potion of
                  | mutation]
  5253 | Ossuary  | Lost mutation: You are covered in fur. (AC +1) [potion of
                  | mutation]
  5253 | Ossuary  | Gained mutation: You can translocate small distances at
                  | will. [potion of mutation]
  5908 | D:8      | Killed a two-headed ogre
  5908 | D:8      | Reached skill level 5 in Invocations
  6467 | D:9      | Reached XP level 10. HP: 80/80 MP: 15/15
  6872 | D:9      | Noticed Maurice
  6911 | D:9      | Reached skill level 5 in Short Blades
  6911 | D:9      | Reached skill level 5 in Axes
  6911 | D:9      | Reached skill level 5 in Maces & Flails
  6911 | D:9      | Reached skill level 5 in Polearms
  6911 | D:9      | Reached skill level 5 in Staves
  6911 | D:9      | Reached skill level 5 in Slings
  6911 | D:9      | Reached skill level 5 in Bows
  6911 | D:9      | Reached skill level 5 in Crossbows
  6911 | D:9      | Reached skill level 5 in Throwing
  6911 | D:9      | Reached skill level 5 in Armour
  6911 | D:9      | Reached skill level 5 in Shields
  6911 | D:9      | Reached skill level 5 in Unarmed Combat
  6911 | D:9      | Reached skill level 5 in Spellcasting
  6911 | D:9      | Reached skill level 5 in Evocations
  6914 | D:9      | Killed Maurice
  7023 | D:9      | Found a staircase to the Lair.
  7672 | D:9      | Noticed Erica
  7704 | D:9      | The Shining One protects you from harm!
  7704 | D:9      | Splashed by Erica's acid

Illustrated notes

Levels and vault maps discovered:
D:1:      lightli_arrival_maybe_door_vault, layout_basic
D:2:      layout_loops_ring, minmay_split_cup_small
D:3:      layout_rooms, old_standard_altar, first_ration, gup_sewer_entry_bowl,
          uniq_robin
D:4:      layout_basic, uniq_natasha
D:5:      layout_cave_pools, kennysheep_mini, serial_shops, shop, uniq_grinder
D:8:      layout_rooms, old_standard_altar,
          lightli_ossuary_entry_decrepit_ruins, uniq_maggie
D:9:      layout_layer_cave, grunt_temple_overflow_diamond,
          minmay_lair_entry_grove, serial_ice, serial_ice_d, serial_ice_c,
          serial_ice_o, serial_ice_l, uniq_erica, uniq_maurice

Skill      XL: |  1  2  3  4  5  6  7  8  9 10 |
---------------+-------------------------------+-----
Invocations    | 1 2 3 4 5 |  5.8
Short Blades   | 1 2 3 4 5 |  5.3
Axes           | 1 2 3 4 5 |  5.3
Maces & Flails | 1 2 3 4 5 |  5.3
Polearms       | 1 2 3 4 5 |  5.3
Staves         | 1 2 3 4 5 |  5.3
Slings         | 1 2 3 4 5 |  5.3
Bows           | 1 2 3 4 5 |  5.3
Crossbows      | 1 2 3 4 5 |  5.3
Throwing       | 1 2 3 4 5 |  5.3
Armour         | 1 2 3 4 5 |  5.3
Shields        | 1 2 3 4 5 |  5.3
Unarmed Combat | 1 2 3 4 5 |  5.3
Spellcasting   | 1 2 3 4 5 |  5.3
Evocations     | 1 2 3 4 5 |  5.3
Conjurations   | 1 2 3 4 |  4.3
Hexes          | 1 2 3 4 |  4.3
Charms         | 1 2 3 4 |  4.3
Summonings     | 1 2 3 4 |  4.3
Necromancy     | 1 2 3 4 |  4.3
Translocations | 1 2 3 4 |  4.3
Transmutations | 1 2 3 4 |  4.3
Fire Magic     | 1 2 3 4 |  4.3
Ice Magic      | 1 2 3 4 |  4.3
Air Magic      | 1 2 3 4 |  4.3
Earth Magic    | 1 2 3 4 |  4.3
Poison Magic   | 1 2 3 4 |  4.3
Fighting       | 7 8 |  8.5
Long Blades    | 7 8 |  8.5
Dodging        | 7 8 |  8.5
Stealth        | 5 6 |  6.8

Action                   |  1- 3 |  4- 6 |  7- 9 | 10-12 || total
-------------------------+-------+-------+-------+-------++-------
Melee: Falchion          |    77 |   175 |   481 |   158 ||   891
       Bite              |    10 |    18 |    91 |    24 ||   143
       Punch             |     1 |     3 |    13 |    10 ||    27
 Fire: Arbalest          |       |       |     8 |     6 ||    14
Invok: Divine Shield     |       |       |     3 |     1 ||     4
  Use: Scroll            |     6 |     1 |     7 |       ||    14
       Potion            |     4 |     2 |     8 |     2 ||    16
 Stab: Sleeping          |     5 |     4 |     4 |       ||    13
       Invisible         |     1 |     5 |       |       ||     6
  Eat: Chunk             |       |     6 |    14 |     3 ||    23
Armor: Robe              |     5 |    16 |    44 |       ||    65
       Ring mail         |       |       |    81 |    55 ||   136
       Skin              |       |       |    36 |       ||    36
Dodge: Dodged            |    67 |   153 |   352 |   110 ||   682
Block: Other             |       |       |    22 |       ||    22
       Rpst.: Falchion   |    23 |    47 |   107 |    36 ||   213
